 Dungeon Crawl Stone Soup version 0.31-a0-195-g7586a6f1e9 (webtiles) character file.

Game seed: 2266719492775270139

192 qw the Skirmisher (level 5, -1/27 (29) HPs)
             Began as a Deep Elf Hunter on June 24, 2023.
             Slain by Duvessa
             ... wielding a +3 short sword of draining
              (9 damage)
             ... on level 4 of the Dungeon.
             The game lasted 00:00:54 (2561 turns).

qw the Skirmisher (Deep Elf Hunter)                 Turns: 2561, Time: 00:00:54

HP:   -1/27 (29)    AC:  5    Str: 10    XL:     5   Next: 42%
MP:   7/7           EV: 11    Int: 14    God:
Gold: 127           SH:  0    Dex: 18    Spells: 4/4 levels left

rFire   . . .        Y - +1 shortbow
rCold   . . .        (shield currently unavailable)
rNeg    . . .        b - +0 ring mail
rPois   .            (no helmet)
rElec   .            (no cloak)
rCorr   .            (no gloves)
SInv    .            (no boots)
Will    .....        (no amulet)
Stlth   +            (no ring)
HPRegen 0.24/turn    (no ring)
MPRegen 0.10/turn

%: no passive effects
@: drained
A: no striking features
a: no special abilities


You were on level 4 of the Dungeon.
You visited 1 branch of the dungeon, and saw 4 of its levels.

You collected 127 gold pieces.


   Skills:
 + Level 1.5 Fighting
 - Level 9.0 Ranged Weapons
 - Level 2.4 Dodging
 - Level 1.2 Stealth


You had 4 spell levels left.
You didn't know any spells.
Your spell library was empty.

Inventory:

Hand Weapons
 Y - a +1 shortbow (weapon)
Armour
 b - a +0 ring mail (worn)
Jewellery
 i - a ring of ice
Scrolls
 a - a scroll of identify
Potions
 d - a potion of brilliance {unknown}
 f - a potion of curing
 g - a potion of ambrosia {unknown}
 h - a potion of cancellation {unknown}

Dungeon Overview and Level Annotations

Branches:
Dungeon (4/15)
 Temple: D:4-7

Altars:
Cheibriados
Hepliaklqana
Makhleb
Sif Muna
Yredelemnul

Annotations:
D:2 1 runed translucent door, Crazy Yiuf
D:4 Duvessa


Message History

You shoot an arrow. The arrow closely misses Dowan.
Dowan hits you with a +0 dagger.
You shoot an arrow. The arrow barely misses Dowan.
Dowan hits you with a +0 dagger.
You shoot an arrow. The arrow closely misses Dowan.
Dowan gestures at you while chanting. The puff of flame misses you.
You shoot an arrow. The arrow barely misses Dowan.
Dowan hits you with a +0 dagger.
You shoot an arrow. The arrow hits Dowan!
You kill Dowan!
You hear a distant scream of rage.
Your Ranged Weapons skill increases to level 9!
You start resting.
HP restored.
Things that are here:
a +0 dagger; a +2 robe of willpower; the elf corpse of Dowan
Found a shimmering blue altar of Sif Muna.
Enter note:
Enter note: Duvessa, Sister of Dowan comes into view.
She is wielding a +3 short sword of draining.
Enter note:
Enter note: You shoot an arrow.
Duvessa shouts!
The arrow hits Duvessa.
Duvessa is lightly wounded.
Duvessa goes berserk!
You shoot an arrow. The arrow hits Duvessa.
Duvessa is lightly wounded.
You shoot an arrow. The arrow barely misses Duvessa.
Duvessa hits you with a +3 short sword of draining!
You feel drained.
You shoot an arrow.
The arrow hits Duvessa but does no damage.
Duvessa is lightly wounded.
Duvessa hits you with a +3 short sword of draining!
You feel drained.
Duvessa hits you with a +3 short sword of draining!
You die...

#.#........#
##.#.....####
#.#.###..#.>...#
...........#.###
#.#.###.####..## #
#.....!......## .#
#####>#.......## ..
#....(..#.####...#\#
#########)# ##.@e#
#.######...#
#.<...###....#
#####.# #.:_# #.#
###..# #.# #.####
#.# #.# #.# #.#
#.###.#


You could see Duvessa (berserk).

Vanquished Creatures
  Dowan (D:4)
  Ijyb (D:3)
  4 adders
  A gnoll (D:1)
  A worm (D:2)
  2 dart slugs
  4 orcs (D:3)
  A ball python (D:3)
  4 bats
  6 endoplasms
  7 goblins
  8 hobgoblins
  6 jackals (D:1)
  5 kobolds
  A quokka (D:1)
  4 frilled lizards
  4 rats
60 creatures vanquished.

Notes
Turn   | Place    | Note
-------+----------+-------------------------------------------
     0 | D:1      | qw the Deep Elf Hunter began the quest for the Orb.
     0 | D:1      | Reached XP level 1. HP: 12/12 MP: 3/3
     0 | D:1      | 0 ||| qw: Version: 0.3-a-9-g12657ce
     0 | D:1      | 0 ||| qw: Game counter: 4731
     0 | D:1      | 0 ||| qw: Always use a shield: true
     0 | D:1      | 0 ||| qw: God list: Okawaru
     0 | D:1      | 0 ||| qw: Allow faded altars: false
     0 | D:1      | 0 ||| qw: Do Orc after D:15 true
     0 | D:1      | 0 ||| qw: Do second Lair branch before Depths: true
     0 | D:1      | 0 ||| qw: Lair rune preference: random
     0 | D:1      | 0 ||| qw: Plans: Normal
     0 | D:1      | 0 ||| PLANNING D:1-11
    94 | D:1      | Reached skill level 6 in Ranged Weapons
    94 | D:1      | Reached XP level 2. HP: 5/16 MP: 4/4
   197 | D:1      | HP: 4/16 [kobold/+0 short sword of flaming (1)]
   403 | D:1      | Reached XP level 3. HP: 20/20 MP: 5/5
   718 | D:1      | 718 ||| READING scroll labelled RISHRE PAOHO.
   719 | D:1      | 719 ||| READING scroll labelled ZOH QIESSOETHRE.
   720 | D:1      | 720 ||| DROPPING scroll of butterflies.
   739 | D:2      | 739 ||| STAIRDANCE
   745 | D:1      | Reached skill level 7 in Ranged Weapons
   767 | D:2      | 767 ||| STAIRDANCE
  1037 | D:2      | Found a burning altar of Makhleb.
  1201 | D:2      | Found a runed translucent door.
  1202 | D:2      | Noticed Crazy Yiuf
  1353 | D:2      | 1353 ||| UPGRADING to +0 ring mail.
  1363 | D:2      | 1363 ||| DROPPING +0 leather armour.
  1364 | D:2      | 1364 ||| READING 2 scrolls labelled MYSEKI RESMI.
  1365 | D:2      | 1365 ||| READING scroll labelled NOEKHL KUCZIYHYMMY.
  1366 | D:2      | 1366 ||| DRINKING 3 green potions.
  1367 | D:2      | 1367 ||| DROPPING 2 potions of attraction.
  1436 | D:3      | Reached XP level 4. HP: 22/25 MP: 6/6
  1452 | D:3      | Found a snail-covered altar of Cheibriados.
  1564 | D:3      | Noticed Ijyb
  1580 | D:3      | Killed Ijyb
  1581 | D:3      | Reached skill level 8 in Ranged Weapons
  1656 | D:3      | Found a basalt altar of Yredelemnul.
  2121 | D:3      | 2121 ||| READING scroll labelled VUWNYCW DAJEDI.
  2168 | D:4      | Reached XP level 5. HP: 29/29 MP: 7/7
  2310 | D:4      | Found a hazy altar of Hepliaklqana.
  2339 | D:4      | 2339 ||| READING scroll labelled WUSHUMALLO.
  2340 | D:4      | 2340 ||| DRINKING 2 yellow potions.
  2368 | D:4      | 2368 ||| DRINKING 2 puce potions.
  2369 | D:4      | 2369 ||| READING 2 scrolls of identify.
  2369 | D:4      | 2369 ||| IDENTIFYING coppery potion
  2370 | D:4      | 2370 ||| DROPPING potion of degeneration.
  2371 | D:4      | 2371 ||| DROPPING potion of lignification.
  2378 | D:4      | 2378 ||| STAIRDANCE
  2419 | D:4      | Noticed Dowan
  2432 | D:4      | 2432 ||| FLEEEEING.
  2438 | D:4      | 2438 ||| STAIRDANCE
  2524 | D:4      | Killed Dowan
  2525 | D:4      | Reached skill level 9 in Ranged Weapons
  2554 | D:4      | Found a shimmering blue altar of Sif Muna.
  2557 | D:4      | Noticed Duvessa
  2561 | D:4      | Slain by Duvessa

Levels and vault maps discovered:
D:1:      minmay_arrival_diagonal_passages, layout_basic
D:2:      layout_rooms, basic_altar, uniq_crazy_yiuf_cottage
D:3:      layout_loops_ring, nicolae_overflow_hidden_temple,
          mainiacjoe_overflow_catwalk, uniq_ijyb
D:4:      layout_basic, nzn_overflow_gifts_of_might_and_magic,
          mainiacjoe_overflow_six_doors_small, wad_orctagon, uniq_eustachio,
          uniq_robin

Skill      XL: |  1  2  3  4  5 |
---------------+----------------+-----
Ranged Weapons | 6 7 8 9 |  9.0
Fighting       | |  1.5
Dodging        | |  2.4
Stealth        | |  1.2

Action                     |  1- 3 |  4- 6 || total
---------------------------+-------+-------++-------
   Fire: Shortbow          |   115 |    81 ||   196
    Use: Scroll            |     4 |     3 ||     7
         Potion            |     1 |     2 ||     3
 Armour: Leather armour    |    13 |       ||    13
         Ring mail         |     4 |    10 ||    14
  Dodge: Dodged            |    41 |    19 ||    60

Table legend:
 A = Non-vault XP
 B = Vault XP
 C = Vault XP percentage of total XP
 D = Non-vault monster count
 E = Vault monster count
 F = Vault count percentage of total count
                 A         B        C        D         E       F
            +---------+---------+-------+---------+---------+-------
      Total |     173 |     102 |  37.1 |      58 |       2 |   3.3
            +---------+---------+-------+---------+---------+-------
        D:1 |      81 |       0 |   0.0 |      31 |       0 |   0.0
        D:2 |      15 |       0 |   0.0 |       7 |       0 |   0.0
        D:3 |      61 |      36 |  37.1 |      18 |       1 |   5.3
        D:4 |      16 |      66 |  80.5 |       2 |       1 |  33.3
            +---------+---------+-------+---------+---------+-------
